 Dungeon Crawl Stone Soup version 0.25-a0-1024-gbfbf38f2cb (webtiles) character file.

Game seed: 288298131157698623, levelgen mode: deterministic

53 Flugslaktarn the Skirmisher (level 3, 0/60 HPs)
             Began as an Ogre Berserker on May 12, 2020.
             Was a Believer of Trog.
             Succumbed to an adder's poison
             ... on level 2 of the Dungeon.
             The game lasted 00:00:32 (1337 turns).

Flugslaktarn the Skirmisher (Ogre Berserker)        Turns: 1337, Time: 00:00:33

Health: 0/60       AC:  3    Str: 21    XL:     3   Next: 89%
Magic:  3/3        EV: 10    Int:  8    God:    Trog [**....]
Gold:   56         SH:  0    Dex:  9    Spells: 2/2 levels left

rFire    . . .     SeeInvis .   a - +0 mace
rCold    . . .     Gourm    .   (no shield)
rNeg     . . .     Faith    .   b - +0 animal skin
rPois    .         Spirit   .   (helmet restricted)
rElec    .         Reflect  .   (no cloak)
rCorr    .         Harm     .   (gloves unavailable)
MR       .....                  (boots unavailable)
Stlth    ..........             (no amulet)
HPRegen  0.20/turn              (no ring)
MPRegen  0.08/turn              (no ring)

@: berserking (expiring), lethally poisoned (0 -> -8), very quick
A: large, unfitting armour, tough skin 1
a: Berserk, Trog's Hand, Renounce Religion


You were on level 2 of the Dungeon.
You worshipped Trog.
Trog was pleased with you.
You were very hungry.

You visited 1 branch of the dungeon, and saw 2 of its levels.

You collected 56 gold pieces.

Inventory:

Hand Weapons
 a - a +0 mace (weapon)
Armour
 b - a +0 animal skin (worn)
Scrolls
 c - 2 scrolls of magic mapping {unknown}
 f - a scroll of remove curse {unknown}
 g - 2 scrolls of amnesia {unknown}
 h - a scroll of blinking {unknown}
Comestibles
 d - 4 chunks of flesh
 e - 4 rations


   Skills:
 + Level 4.6 Fighting
 * Level 3.6 Maces & Flails
 + Level 3.1 Dodging


You had 2 spell levels left.
You didn't know any spells.
Your spell library was empty.

Dungeon Overview and Level Annotations

Branches:
Dungeon (2/15)

Altars:


Innate Abilities, Weirdness & Mutations

You are too large for most types of armour.
You have tough skin. (AC +1)


Message History

* * * LOW HITPOINT WARNING * * *
The adder barely misses you.
You barely miss the adder.
* * * LOW HITPOINT WARNING * * *
You feel sick. The adder bites you but does no damage.
The giant cockroach closely misses you. The adder closely misses you.
The adder barely misses you.
You bludgeon the adder!!
You kill the adder!
Trog accepts your kill.
* * * LOW HITPOINT WARNING * * *
You feel sick.
The giant cockroach bites you but does no damage.
You sock the adder!
The adder is almost dead.
The adder bites you but does no damage.
The giant cockroach bites you but does no damage.
You closely miss the adder.
The adder is almost dead.
You die...

.####+# #.....## ...%...
##....... ....... ......#
.......####.....#
.........##.....#
......s..##.....#.#
.......@......#.#.#
......S.......#.#.# #
.##.......###†#.#.#.#
#.......#.......#.###
#.......#.#.#........ ..
#.......#.#+#.....### ...
#.........(....#..#
...##..............# ....
..................##+####


You could see an adder and a giant cockroach.

Vanquished Creatures
  2 adders (D:2)
  A dart slug (D:1)
  4 goblins (D:1)
  2 hobgoblins (D:1)
  10 jackals
  3 kobolds (D:1)
  6 bats
  2 rats (D:1)
30 creatures vanquished.

Notes
Turn   | Place    | Note
-------+----------+-------------------------------------------
     0 | D:1      | Flugslaktarn the Ogre Berserker began the quest for the
                  | Orb.
     0 | D:1      | Reached XP level 1. HP: 24/24 MP: 1/1
   282 | D:1      | Reached XP level 2. HP: 32/32 MP: 2/2
  1052 | D:1      | Reached XP level 3. HP: 40/40 MP: 3/3
  1129 | D:1      | Reached ** piety under Trog
  1333 | D:2      | HP: 3/60 [giant cockroach (1)]
  1335 | D:2      | HP: 1/60 [poisoned by an adder]
  1337 | D:2      | Succumbed to an adder's poison

Illustrated notes

Levels and vault maps discovered:
D:1:      lightli_arrival_windingriver, layout_loops_ring, minmay_pentomino_z4
D:2:      cheibrodos_fertilizer, layout_basic, interstate_on_off

Skill      XL: |  1  2 |
---------------+-------+-----
Maces & Flails | 3 |  3.6
Dodging        | 3 |  3.1
Fighting       | |  4.6

Action                   || total
-------------------------++-------
Melee: Mace              ||   115
Invok: Berserk           ||     2
  Eat: Chunk             ||     2
Armor: Animal skin       ||    61
Dodge: Dodged            ||   107

Table legend:
 A = Non-vault XP
 B = Vault XP
 C = Vault XP percentage of total XP
 D = Non-vault monster count
 E = Vault monster count
 F = Vault count percentage of total count
                 A         B        C        D         E       F
            +---------+---------+-------+---------+---------+-------
      Total |      74 |       3 |   3.9 |      28 |       2 |   6.7
            +---------+---------+-------+---------+---------+-------
        D:1 |      42 |       3 |   6.7 |      23 |       2 |   8.0
        D:2 |      32 |       0 |   0.0 |       5 |       0 |   0.0
            +---------+---------+-------+---------+---------+-------
